 Dungeon Crawl Stone Soup version 0.21.1-1-g345015fe64 (webtiles) character file.

201 Evaline the Covert (level 5, -4/26 HPs)
             Began as a Spriggan Assassin on June 29, 2018.
             Was an Initiate of Nemelex Xobeh.
             Slain by an orc wizard
             ... wielding a +0 dagger
              (6 damage)
             ... on level 3 of the Dungeon.
             The game lasted 00:22:40 (3008 turns).

Evaline the Covert (Spriggan Assassin)              Turns: 3008, Time: 00:22:42

Health: -4/26      AC:  3    Str:  7    XL:     5   Next: 50%
Magic:  6/6        EV: 19    Int: 15    God:    Nemelex Xobeh [......]
Gold:   92         SH:  0    Dex: 19    Spells: 5/5 levels left

rFire    . . .     SeeInvis +   w - +0 short sword
rCold    . . .     Gourm    .   (shield restricted)
rNeg     . . .     Faith    .   y - +0 robe
rPois    .         Spirit   .   (helmet restricted)
rElec    .         Reflect  .   d - +0 cloak
rCorr    .         Harm     .   (gloves unavailable)
MR       .....                  (boots unavailable)
Stlth    ++++......             m - amulet of rage
HPRegen  0.08/turn              s - +3 ring of intelligence
MPRegen  0.10/turn              (no ring)

@: very quick
A: very small, unfitting armour, see invisible, herbivore, speed 3, slow
metabolism 2
a: Renounce Religion, Evoke Berserk Rage


You were on level 3 of the Dungeon.
You worshipped Nemelex Xobeh.
Nemelex Xobeh was noncommittal.
You were not hungry.

You visited 1 branch of the dungeon, and saw 3 of its levels.

You collected 92 gold pieces.

Inventory:

Hand Weapons
 a - a +2 dagger
 b - a +0 hunting sling
 l - a +0 blowgun
 q - a +0 whip
 w - a +0 short sword (weapon)
 C - a cursed -1 spear
Missiles
 c - 8 tomahawks (quivered)
 e - 8 poisoned needles
 f - 2 curare-tipped needles
 h - 103 stones
 k - 67 sling bullets
Armour
 d - a +0 cloak (worn)
 y - a +0 robe (worn)
 A - a +0 robe
Magical Staves
 x - an uncursed staff of fire
Jewellery
 m - an amulet of rage (around neck)
 s - a +3 ring of intelligence (left hand)
Wands
 u - a wand of flame (13)
Scrolls
 o - a scroll of remove curse {unknown}
 p - a scroll of enchant armour {unknown}
 r - 2 scrolls of identify {unknown}
 t - a scroll of magic mapping {unknown}
 B - a scroll of fear {unknown}
Potions
 j - a potion of flight {unknown}
 n - 2 potions of lignification {unknown}
 v - 2 potions of curing {unknown}
Miscellaneous
 i - a plain deck of destruction {drawn: 2}
 z - a plain deck of escape
Comestibles
 g - 5 rations


   Skills:
 + Level 2.0 Fighting
 + Level 2.5 Short Blades
 + Level 1.9(2.5) Slings
 + Level 2.0(2.3) Throwing
 * Level 3.2 Dodging
 * Level 8.8 Stealth
 * Level 0.6 Spellcasting


You had 5 spell levels left.
You didn't know any spells.

Dungeon Overview and Level Annotations

Branches:
Dungeon (3/15)

Altars:
Nemelex Xobeh
Wu Jian


Innate Abilities, Weirdness & Mutations

You are very small and have problems with some larger weapons.
You are too small for most types of armour.
You have supernaturally acute eyesight. (SInv)
You are a herbivore.
You cover ground extremely quickly.
You need consume almost no food.


Message History

You closely miss the orc wizard.
The orc wizard is almost dead.
The orc wizard barely misses you.
You hit the orc wizard but do no damage.
The orc wizard is almost dead.
The orc wizard completely misses you. The orc wizard closely misses you.
You hit the orc wizard but do no damage.
The orc wizard is severely wounded.
The orc wizard hits you with a dagger.
* * * LOW HITPOINT WARNING * * *
You completely miss the orc wizard.
The orc wizard is severely wounded.
The orc wizard closely misses you.
You hit the orc wizard.
The orc wizard is almost dead.
The orc wizard hits you with a dagger.
* * * LOW HITPOINT WARNING * * *
The orc wizard hits you with a dagger.
You die...
Your body disappears without a glow.

...>......................)..<...
########.#.#.##......#.....#.....
#.#.#...............#.....
#######.#..<#.............#...##
##...........#.............#...#
...........#.#.......#.#.......#
##.........#.........#.######..##
.......###.###########.# #...#
####...###....oo@.[# #.######.#.#
####.##........###.###.#...##....
.................................
.######........#(....#.#.g.###...
.# #..........((..#.....###... .#
#...........(..#####..g.... .#
#######.........(.......... .#
#.........#(..#.r...?
.#############.......(....#......


You could see an orc wizard (invisible) and an orc.

Vanquished Creatures
  An orc priest (D:3)
  Jessica (D:2)
  8 adders (D:2)
  2 worms (D:2)
  2 dart slugs
  A leopard gecko (D:2)
  2 orcs (D:3)
  5 giant cockroaches
  8 hobgoblins
  2 jackals (D:1)
  6 kobolds
  2 ball pythons (D:3)
  4 bats
  2 frilled lizards
  6 goblins
  13 rats
65 creatures vanquished.

Notes
Turn   | Place    | Note
-------+----------+-------------------------------------------
     0 | D:1      | Evaline the Spriggan Assassin began the quest for the Orb.
     0 | D:1      | Reached XP level 1. HP: 10/10 MP: 2/2
    91 | D:1      | Reached skill level 6 in Stealth
   264 | D:1      | Reached XP level 2. HP: 11/14 MP: 3/3
   676 | D:1      | Reached skill level 7 in Stealth
   887 | D:2      | Reached XP level 3. HP: 18/18 MP: 4/4
  1256 | D:3      | Found a sparkling altar of Nemelex Xobeh.
  1268 | D:3      | Found an ornate altar of the Wu Jian Council.
  1271 | D:3      | Became a worshipper of Nemelex Xobeh the Trickster
  1306 | D:3      | Received a gift from Nemelex Xobeh
  1707 | D:3      | Reached XP level 4. HP: 17/23 MP: 5/5
  1833 | D:3      | Reached skill level 8 in Stealth
  1975 | D:2      | Noticed Jessica
  1976 | D:2      | Killed Jessica
  2104 | D:2      | Reached skill level 1 in Slings
  2462 | D:2      | Received a gift from Nemelex Xobeh
  2558 | D:2      | Reached XP level 5. HP: 21/26 MP: 6/6
  3008 | D:3      | Slain by an orc wizard

Skill      XL: |  1  2  3  4  5 |
---------------+----------------+-----
Stealth        | 6 7 8 |  8.8
Dodging        | 2 3 |  3.2
Fighting       | 2 |  2.0
Slings         | 1 |  1.9
Short Blades   | |  2.5
Throwing       | |  2.0
Spellcasting   | |  0.6

Action                   |  1- 3 |  4- 6 || total
-------------------------+-------+-------++-------
Melee: Dagger            |    55 |    21 ||    76
       Short sword       |    52 |    60 ||   112
 Fire: Hunting sling     |       |    55 ||    55
Throw: Stone             |     4 |     1 ||     5
Evoke: Deck              |       |     2 ||     2
 Stab: Sleeping          |    21 |     7 ||    28
       Distracted        |       |     1 ||     1
Armor: Robe              |    11 |    10 ||    21
Dodge: Dodged            |    61 |    69 ||   130
